Map: 虚空降临

Players

邀月

  • Race: Protoss Protoss
  • League: Master
  • Spawn Location: 6:00

繁华燃尽

  • Race: Terran Terran
  • Spawn Location: 6:00

VOD

Have the link to the VOD?

Description

Time

  • Played on: Feb. 27, 2018, 9:48 a.m.
  • Length: 24:34
Show
View Real Time Build Order
Export as new Build Order

邀月 Protoss 

Build Orders:  

Get SALT Encoding   

  12  0:03  Probe (Chrono Boost)  
  13  0:15  Probe (Chrono Boost)  
  14  0:27  Probe (Chrono Boost)  
  15  0:35  Pylon  
  15  0:39  Probe (Chrono Boost)  
  16  0:51  Probe (Chrono Boost)  
  16  0:57  Assimilator  
  17  1:03  Probe (Chrono Boost)  
  17  1:08  Assimilator  
  18  1:15  Probe (Chrono Boost)  
  19  1:22  Robotics Facility  
  19  1:27  Probe (Chrono Boost)  
  20  1:38  Probe (Chrono Boost)  
  20  1:39  Robotics Bay  
  21  1:50  Probe (Chrono Boost)  
  22  2:02  Probe (Chrono Boost)  
  23  2:14  Probe (Chrono Boost)  
  24  2:23  Colossus  
  24  2:26  Probe (Chrono Boost), Forge  
  25  2:32  Pylon  
  25  2:39  Probe (Chrono Boost)  
  32  2:54  Warbringer's A.I. Personality  
  32  2:58  Purifier Armaments  
  32  3:19  Probe (Chrono Boost)  
  33  3:36  Probe (Chrono Boost)  
  34  3:42  Purification Blast  
  35  3:53  Probe (Chrono Boost)  
  36  4:10  Probe (Chrono Boost)  
  36  4:19  Stargate  
  36  4:22  Fleet Beacon  
  36  4:27  Probe (Chrono Boost)  
  37  4:49  Nexus  
  38  5:00  Probe (Chrono Boost), Pylon  
  38  5:20  Carrier  
  39  5:33  Probe (Chrono Boost)  
  39  5:38  Clolarion's A.I. Personality  
  45  5:44  Immortal  
  50  5:50  Probe (Chrono Boost)  
  50  6:01  Pylon  
  50  6:03  Observation Protocol  
  50  6:24  Taldarin's A.I. Personality  
  50  6:26  Pylon  
  50  6:29  Probe (Chrono Boost)  
  51  6:45  Stargate  
  51  6:46  Probe (Chrono Boost)  
  51  6:49  Stargate  
  52  6:50  Cybernetics Core  
  52  6:55  Probe (Chrono Boost)  
  52  6:57  Assimilator  
  54  7:02  Assimilator  
  54  7:03  Probe (Chrono Boost)  
  54  7:06  Mojo's A.I. Personality  
  54  7:13  Probe (Chrono Boost)  
  55  7:20  Colossus  
  55  7:23  Protoss Air Weapons Level 1  
  55  7:27  Scout  
  64  7:41  Carrier  
  64  7:55  Probe (Chrono Boost)  
  66  8:00  Probe (Chrono Boost)  
  66  8:07  Carrier  
  73  8:10  Probe (Chrono Boost)  
  80  8:22  Probe (Chrono Boost)  
  80  8:27  Probe (Chrono Boost)  
  81  8:37  Immortal  
  81  8:38  Scout  
  90  9:01  Probe x2 (Chrono Boost)  
  90  9:07  Protoss Ground Weapons Level 1  
  90  9:27  Pylon  
  90  9:30  Interdictors  
  90  9:36  Pylon  
  90  9:52  Scout, Immortal  
  90  9:57  Carrier, Pylon  
  103  10:19  Scout  
  103  10:31  Scout  
  103  10:34  Protoss Air Weapons Level 2  
  106  10:42  Robotics Facility, Suppression Procedure  
  106  10:47  Immortal  
  110  11:04  Carrier  
  110  11:13  Scout  
  110  11:15  Extended Thermal Lance  
  110  11:16  Stargate  
  113  11:42  Graviton Catapult  
  113  11:58  Pylon x2  
  113  12:15  Pylon  
  113  12:23  Scout x2, Immortal x2  
  124  12:58  Carrier x2  
  136  13:20  Pylon  
  136  13:23  Photon Cannon  
  136  13:27  Photon Cannon  
  131  13:58  Pylon  
  131  14:01  Pylon  
  131  14:02  Pylon  
  131  14:14  Scout  
  130  14:22  Pylon  
  130  14:23  Immortal  
  128  14:44  Carrier  
  128  14:47  Carrier  
  141  15:02  Probe (Chrono Boost)  
  141  15:04  Carrier  
  147  15:12  Carrier  
  147  15:18  Immortal  
  147  15:19  Robotics Facility, Warp Gate  
  157  15:36  Gateway  
  157  15:41  Gateway  
  157  15:56  Protoss Air Weapons Level 3  
  156  16:47  Scout x2  
  156  17:04  Scout  
  156  17:12  Scout  
  156  17:17  Scout  
  159  17:41  Scout  
  159  17:45  Immortal  
  160  18:42  Scout  
  160  19:09  Pylon  
  160  19:12  Carrier  
  160  19:14  Pylon  
  160  19:19  Pylon  
  160  19:21  Scout x2  
  160  19:22  Scout  
  160  19:23  Carrier  
  160  19:27  Pylon  
  160  19:32  Pylon  
  153  19:46  Photon Cannon  
  153  19:47  Photon Cannon  
  159  19:50  Photon Cannon  
  159  19:55  Photon Cannon  
  159  19:56  Carrier, Photon Cannon  
  159  19:57  Carrier  
  177  20:01  Photon Cannon  
  177  20:04  Photon Cannon  
  177  20:06  Combat Sensor Array  
  177  20:12  Photon Cannon  
  177  20:13  Photon Cannon  
  177  20:18  Photon Cannon  
  177  20:32  Photon Cannon x2  
  177  20:33  Conservator, Photon Cannon  
  177  20:38  Conservator  
  181  20:41  Photon Cannon  
  181  20:50  Photon Cannon  
  181  20:53  Photon Cannon  
  181  20:55  Photon Cannon  
  181  20:57  Photon Cannon  
  181  21:01  Photon Cannon  
  181  21:03  Photon Cannon  
  181  21:05  Photon Cannon  
  181  21:08  Photon Cannon  
  181  21:10  Photon Cannon  
  181  21:11  Conservator  
  181  21:13  Photon Cannon  
  183  21:24  Photon Cannon  
  183  21:59  Scout x2  
  168  22:08  Scout x2  
  180  22:36  Photon Cannon  
  180  22:38  Photon Cannon  
  180  22:40  Photon Cannon  
  180  22:43  Photon Cannon  
  180  22:46  Photon Cannon  
  180  22:48  Photon Cannon  
  180  23:24  Conservator  
Show
View Real Time Build Order
Export as new Build Order

繁华燃尽 Terran 

Build Orders:  

Get SALT Encoding   

Tags
 
Commander
FenixRaynor
League
Master
Matchup
Co-op
Replay Pack
Co-op Speedrun
Add a new tag
Caveats
  • Supply blocks, unpowered buildings, or Contaminate may cause inaccurate times.
  • Supply counts are checked every 10 seconds.